 Dungeon Crawl Stone Soup version 0.22-a0-224-g8cf3520 (webtiles) character file.

4025 Azzok the Sneak (level 10, -28/74 HPs)
             Began as a Gnoll Enchanter on Feb 19, 2018.
             Was an Initiate of Okawaru.
             Annihilated by a white ugly thing (34 damage)
             ... on level 8 of the Dungeon.
             The game lasted 00:22:42 (10438 turns).

Azzok the Sneak (Gnoll Enchanter)                  Turns: 10438, Time: 00:22:43

Health: -28/74     AC:  6    Str: 12    XL:     10   Next: 24%
Magic:  20/20      EV: 16    Int: 20    God:    Okawaru [......]
Gold:   435        SH:  5    Dex: 15    Spells: 14/23 levels left

rFire    . . .     SeeInvis .   a - +1 dagger
rCold    . . .     Gourm    .   t - +0 buckler
rNeg     . . .     Faith    .   v - +0 robe {MR+}
rPois    .         Spirit   .   o - +2 hat
rElec    .         Reflect  .   (no cloak)
rCorr    +         Harm     .   q - +0 pair of gloves
MR       +....                  p - +0 pair of boots
Stlth    ++++......             (no amulet)
HPRegen  0.22/turn              C - ring of resist corrosion
MPRegen  0.17/turn              (no ring)

@: drained
A: distributed training, fangs 1, strong nose
a: Renounce Religion


You were on level 8 of the Dungeon.
You worshipped Okawaru.
Okawaru was noncommittal.
You were not hungry.

You visited 2 branches of the dungeon, and saw 9 of its levels.

You collected 552 gold pieces.
You spent 117 gold pieces at shops.

Inventory:

Hand Weapons
 a - a +1 dagger (weapon)
Armour
 o - a +2 hat (worn)
 p - a +0 pair of boots (worn)
 q - a +0 pair of gloves (worn)
 t - a +0 buckler (worn)
 v - a +0 robe of magic resistance (worn)
Jewellery
 C - a ring of resist corrosion (left hand)
Wands
 b - a wand of acid (6)
 u - a wand of scattershot (3)
 w - a wand of digging (13)
 y - a wand of paralysis (12)
Scrolls
 d - 2 scrolls of amnesia {unknown}
 e - 10 scrolls of identify
 i - 5 scrolls of remove curse {unknown}
 j - 2 scrolls of blinking {unknown}
 k - a scroll of fear {unknown}
 l - 5 scrolls of teleportation {unknown}
 m - 2 scrolls of immolation {unknown}
 n - 2 scrolls of enchant weapon {unknown}
 r - 2 scrolls of fog {unknown}
Potions
 f - 3 potions of berserk rage {unknown}
 g - 6 potions of heal wounds
 h - a potion of lignification
 s - 2 potions of degeneration {unknown}
 x - a potion of invisibility {unknown}
 z - a potion of haste {unknown}
 A - a potion of flight {unknown}
 B - a potion of magic {unknown}
Comestibles
 c - 12 rations
 D - a chunk of flesh


   Skills:
 + Level 5.0(4.5) Fighting
 + Level 5.7(5.1) Short Blades
 + Level 5.0(4.5) Long Blades
 + Level 5.0(4.5) Axes
 + Level 5.0(4.5) Maces & Flails
 + Level 5.0(4.5) Polearms
 + Level 5.0(4.5) Staves
 + Level 5.0(4.5) Slings
 + Level 5.0(4.5) Bows
 + Level 5.0(4.5) Crossbows
 + Level 5.0(4.5) Throwing
 + Level 5.0(4.5) Armour
 + Level 6.8(6.3) Dodging
 + Level 7.9(7.3) Stealth
 + Level 5.0(4.5) Shields
 + Level 5.0(4.5) Unarmed Combat
 + Level 7.1(6.6) Spellcasting
 + Level 4.1(3.6) Conjurations
 + Level 6.9(6.4) Hexes
 + Level 4.1(3.6) Charms
 + Level 4.1(3.6) Summonings
 + Level 4.1(3.6) Necromancy
 + Level 4.1(3.6) Translocations
 + Level 4.1(3.6) Transmutations
 + Level 4.1(3.6) Fire Magic
 + Level 4.1(3.6) Ice Magic
 + Level 4.1(3.6) Air Magic
 + Level 4.1(3.6) Earth Magic
 + Level 4.1(3.6) Poison Magic
 + Level 5.5(4.9) Invocations
 + Level 5.0(4.5) Evocations


You had 14 spell levels left.
You knew the following spells:

 Your Spells              Type           Power        Failure   Level  Hunger
a - Corona                Hex            ####...      1%          1    None
b - Ensorcelled Hibernat  Hex/Ice        ####..       1%          2    None
c - Confuse               Hex            ####....     1%          3    #......
d - Dazzling Spray        Conj/Hex       ####..       3%          3    #......


Dungeon Overview and Level Annotations

Branches:
Dungeon (8/15)             Temple (1/1) D:7
   Lair: D:8-11

Altars:
Ashenzari
Dithmenos
Gozag
Nemelex Xobeh
Okawaru
Qazlal
Sif Muna
Trog
Uskayaw
Wu Jian
Xom
Yredelemnul

Shops:
D:4 [


Innate Abilities, Weirdness & Mutations

Your experience applies equally to all skills.
You have very sharp teeth.
Your uncanny sense of smell can sniff out nearby items.


Message History

No target in view!
No target in view!
No target in view!
No target in view!
Found a rapier, 19 arrows and a plate armour.
Found a leather armour.
You see here a rapier.
You now have 435 gold pieces (gained 18).
A white ugly thing comes into view.
The white ugly thing gurgles horribly!
You hear a shout!
The white ugly thing bites you! The white ugly thing freezes you!!
You hit the white ugly thing.
The white ugly thing is lightly wounded.
The white ugly thing bites you! The white ugly thing freezes you!!
* * * LOW HITPOINT WARNING * * *
Some of the chunks of flesh in your inventory have rotted away.
The white ugly thing bites you.
* * * LOW HITPOINT WARNING * * *
The white ugly thing freezes you!!
You die...

▒ ▒··▒ ▒·····▒▒▒▒·▒·▒···▒
▒··▒ ▒·▒▒▒▒···▒·▒·▒···▒ ▒▒▒
···▒ ▒···▒▒·▒·▒·▒···▒ ▒··
▒·▒▒[▒·▒·▒·▒···▒ ▒··
▒·▒·([▒·▒·▒·▒··▒ ▒··
▒·▒·▒)▒▒·▒·▒·▒··▒▒▒▒▒▒▒··
▒·▒·▒▒···▒·▒·▒········[··
▒·▒···▒▒▒▒·▒·▒···········
▒·▒▒▒▒·u@··▒·▒··········▒
▒·····▒▒▒▒▒▒·▒···········
▒·▒▒▒▒▒▒·······▒··▒▒▒······
▒·······▒▒▒▒▒▒▒▒··▒ ▒······
·▒▒▒▒▒▒▒▒··········▒ ▒······
···················▒ ▒······
·········▒▒▒▒······▒▒▒······
······▒▒··▒▒▒·······▒▒······
····························


You could see a white ugly thing.

Vanquished Creatures
  The ghost of kuniqs the Skirmisher, a novice MiFi (D:4)
  A hippogriff (D:8)
  5 humans (D:6)
  Duvessa (D:7)
  2 sky beasts (D:6)
  An orc warrior (D:6)
  An ice beast (D:7)
  Purgy (D:2)
  A black bear (D:8)
  2 ogres (D:5)
  A necrophage (D:8)
  An eye of draining (D:8)
  A phantom (D:5)
  3 centaurs (D:5)
  3 bullfrogs
  Dowan (D:7)
  9 wights
  A bullfrog zombie (D:6)
  2 jellies
  4 orc priests
  Terence (D:3)
  3 iguanas
  2 orc wizards
  2 worker ants
  A hound skeleton (D:7)
  3 worker ant zombies
  A howler monkey skeleton (D:4)
  9 adders
  3 gnolls
  2 shadow imps
  An ooze (D:1)
  3 adder skeletons
  An adder zombie (D:5)
  3 worms
  3 dart slugs
  6 leopard geckos
  32 orcs
  5 bats
  3 giant cockroaches
  6 hobgoblins
  8 jackals
  8 kobolds
  4 quokkas
  2 ball pythons
  6 frilled lizards
  6 goblins
  7 rats
173 creatures vanquished.

Vanquished Creatures (others)
  A plant (D:1)
1 creature vanquished.

Grand Total: 174 creatures vanquished

Notes
Turn   | Place    | Note
-------+----------+-------------------------------------------
     0 | D:1      | Azzok the Gnoll Enchanter began the quest for the Orb.
     0 | D:1      | Reached XP level 1. HP: 13/13 MP: 6/6
   180 | D:1      | Reached XP level 2. HP: 11/19 MP: 4/7
   190 | D:1      | Learned a level 2 spell: Ensorcelled Hibernation
   735 | D:1      | Reached XP level 3. HP: 19/25 MP: 7/9
  1069 | D:1      | Reached skill level 5 in Spellcasting
  1286 | D:2      | Learned a level 3 spell: Confuse
  1290 | D:2      | Learned a level 3 spell: Dazzling Spray
  1332 | D:2      | Reached skill level 1 in Invocations
  1679 | D:2      | Reached skill level 1 in Fighting
  1679 | D:2      | Reached skill level 1 in Long Blades
  1679 | D:2      | Reached skill level 1 in Axes
  1679 | D:2      | Reached skill level 1 in Maces & Flails
  1679 | D:2      | Reached skill level 1 in Polearms
  1679 | D:2      | Reached skill level 1 in Staves
  1679 | D:2      | Reached skill level 1 in Slings
  1679 | D:2      | Reached skill level 1 in Bows
  1679 | D:2      | Reached skill level 1 in Crossbows
  1679 | D:2      | Reached skill level 1 in Throwing
  1679 | D:2      | Reached skill level 1 in Armour
  1679 | D:2      | Reached skill level 1 in Shields
  1679 | D:2      | Reached skill level 1 in Unarmed Combat
  1679 | D:2      | Reached skill level 1 in Evocations
  1739 | D:2      | Reached XP level 4. HP: 32/32 MP: 3/11
  2457 | D:2      | Reached skill level 1 in Conjurations
  2457 | D:2      | Reached skill level 1 in Charms
  2457 | D:2      | Reached skill level 1 in Summonings
  2457 | D:2      | Reached skill level 1 in Necromancy
  2457 | D:2      | Reached skill level 1 in Translocations
  2457 | D:2      | Reached skill level 1 in Transmutations
  2457 | D:2      | Reached skill level 1 in Fire Magic
  2457 | D:2      | Reached skill level 1 in Ice Magic
  2457 | D:2      | Reached skill level 1 in Air Magic
  2457 | D:2      | Reached skill level 1 in Earth Magic
  2457 | D:2      | Reached skill level 1 in Poison Magic
  2715 | D:3      | Noticed Terence
  2738 | D:3      | Killed Terence
  2738 | D:3      | Reached XP level 5. HP: 37/37 MP: 6/12
  3157 | D:3      | Noticed Purgy
  3251 | D:2      | Killed Purgy
  3251 | D:2      | Reached XP level 6. HP: 15/44 MP: 3/13
  4044 | D:4      | Noticed kuniqs's ghost (novice MiFi)
  4047 | D:4      | Reached skill level 5 in Dodging
  4454 | D:4      | Found Nuekhleoj's Antique Armour Boutique.
  4467 | D:4      | Bought a buckler for 117 gold pieces
  5171 | D:5      | Entered Level 5 of the Dungeon
  5184 | D:7      | Noticed a sky beast
  5206 | D:6      | Killed a sky beast
  5206 | D:6      | Reached XP level 7. HP: 16/50 MP: 1/15
  6322 | D:6      | Noticed a human
  6336 | D:6      | Killed a human
  6336 | D:6      | Reached XP level 8. HP: 57/57 MP: 0/16
  7178 | D:6      | Reached XP level 9. HP: 65/65 MP: 15/18
  8320 | D:5      | Reached skill level 5 in Short Blades
  8610 | D:7      | Noticed Duvessa
  8613 | D:7      | Noticed Dowan
  8866 | D:4      | Killed kuniqs's ghost
  8866 | D:4      | Reached skill level 5 in Invocations
  9195 | D:7      | Killed Duvessa
  9257 | D:7      | Killed Dowan
  9279 | D:7      | Found a staircase to the Ecumenical Temple.
  9372 | Temple   | Entered the Ecumenical Temple
  9442 | Temple   | Became a worshipper of Warmaster Okawaru
  9574 | D:7      | Reached XP level 10. HP: 73/73 MP: 14/20
 10265 | D:8      | Reached skill level 5 in Fighting
 10265 | D:8      | Reached skill level 5 in Long Blades
 10265 | D:8      | Reached skill level 5 in Axes
 10265 | D:8      | Reached skill level 5 in Maces & Flails
 10265 | D:8      | Reached skill level 5 in Polearms
 10265 | D:8      | Reached skill level 5 in Staves
 10265 | D:8      | Reached skill level 5 in Slings
 10265 | D:8      | Reached skill level 5 in Bows
 10265 | D:8      | Reached skill level 5 in Crossbows
 10265 | D:8      | Reached skill level 5 in Throwing
 10265 | D:8      | Reached skill level 5 in Armour
 10265 | D:8      | Reached skill level 5 in Shields
 10265 | D:8      | Reached skill level 5 in Unarmed Combat
 10265 | D:8      | Reached skill level 5 in Evocations
 10427 | D:8      | Noticed a white ugly thing
 10438 | D:8      | Annihilated by a white ugly thing

Vault maps used:
D:1:      tarquinn_simple_flora_water_e, lexackson_kobold_supper
D:3:      uniq_purgy, uniq_terence
D:4:      serial_shops, shop
D:5:      first_ration
D:6:      minmay_door_square, minmay_ruffians
D:7:      temple_doors_cd, uniq_duvessa
D:8:      minmay_distorted_concentric_squares, nicolae_overflow_crystal_walls,
          small_statue_intersection
Temple:   minmay_crystal_snake_temple

Skill      XL: |  1  2  3  4  5  6  7  8  9 10 |
---------------+-------------------------------+-----
Spellcasting   | 5 6 7 |  7.1
Stealth        | 6 7 |  7.9
Invocations    | 1 2 3 4 5 |  5.5
Fighting       | 1 2 3 4 5 |  5.0
Long Blades    | 1 2 3 4 5 |  5.0
Axes           | 1 2 3 4 5 |  5.0
Maces & Flails | 1 2 3 4 5 |  5.0
Polearms       | 1 2 3 4 5 |  5.0
Staves         | 1 2 3 4 5 |  5.0
Slings         | 1 2 3 4 5 |  5.0
Bows           | 1 2 3 4 5 |  5.0
Crossbows      | 1 2 3 4 5 |  5.0
Throwing       | 1 2 3 4 5 |  5.0
Armour         | 1 2 3 4 5 |  5.0
Shields        | 1 2 3 4 5 |  5.0
Unarmed Combat | 1 2 3 4 5 |  5.0
Evocations     | 1 2 3 4 5 |  5.0
Conjurations   | 1 2 3 4 |  4.1
Charms         | 1 2 3 4 |  4.1
Summonings     | 1 2 3 4 |  4.1
Necromancy     | 1 2 3 4 |  4.1
Translocations | 1 2 3 4 |  4.1
Transmutations | 1 2 3 4 |  4.1
Fire Magic     | 1 2 3 4 |  4.1
Ice Magic      | 1 2 3 4 |  4.1
Air Magic      | 1 2 3 4 |  4.1
Earth Magic    | 1 2 3 4 |  4.1
Poison Magic   | 1 2 3 4 |  4.1
Short Blades   | 3 4 5 |  5.7
Dodging        | 5 6 |  6.8
Hexes          | 6 |  6.9

Action                   |  1- 3 |  4- 6 |  7- 9 | 10-12 || total
-------------------------+-------+-------+-------+-------++-------
Melee: Dagger            |    93 |   162 |   224 |    56 ||   535
       Bite              |     7 |    10 |    20 |     9 ||    46
       Punch             |       |     2 |       |       ||     2
 Cast: Corona            |     7 |    11 |     3 |       ||    21
       Ensorcelled Hiber |    17 |    66 |    66 |     6 ||   155
       Confuse           |       |    11 |    43 |    16 ||    70
  Use: Scroll            |       |     1 |       |       ||     1
       Potion            |       |     2 |       |       ||     2
 Stab: Sleeping          |    23 |    38 |    46 |     8 ||   115
       Confused          |       |     8 |    22 |     8 ||    38
  Eat: Chunk             |     3 |    11 |     8 |     3 ||    25
       Ration            |       |       |     2 |       ||     2
Armor: Robe              |     9 |    45 |    32 |     3 ||    89
       Skin              |       |     9 |       |       ||     9
Dodge: Dodged            |    67 |   125 |   161 |    21 ||   374
Block: Buckler           |       |       |    23 |     7 ||    30

Table legend:
 A = Spawn XP
 B = Non-spawn XP
 C = Spawn XP percentage of total XP
 D = Spawn monster count
 E = Non-spawn monster count
 F = Spawn count percentage of total count
 G = Total turns spent on level
                    A         B        C        D         E        F      G
               +---------+---------+-------+---------+---------+-------+---------
         Total |       0 |    5751 |   0.0 |       0 |     173 |   0.0 | 10438
               +---------+---------+-------+---------+---------+-------+---------
           D:1 |       0 |      46 |   0.0 |       0 |      21 |   0.0 |  1209
           D:2 |       0 |     218 |   0.0 |       0 |      29 |   0.0 |  1636
           D:3 |       0 |     152 |   0.0 |       0 |      26 |   0.0 |  1989
           D:4 |       0 |     853 |   0.0 |       0 |      23 |   0.0 |   681
           D:5 |       0 |     821 |   0.0 |       0 |      14 |   0.0 |   869
           D:6 |       0 |    2117 |   0.0 |       0 |      31 |   0.0 |  2655
           D:7 |       0 |     611 |   0.0 |       0 |      19 |   0.0 |   923
           D:8 |       0 |     933 |   0.0 |       0 |      10 |   0.0 |   349
               +---------+---------+-------+---------+---------+-------+---------
